 Dungeon Sprint DCSS version 0.27-a0-978-g2aa4ecdaef (webtiles) character file.

Game seed: 3054882338881735476

30914 mhtbhm the Metallomancer (level 13, 0/105 HPs)
             Began as a Gargoyle Earth Elementalist on Apr 14, 2021.
             Was the Champion of Vehumet.
             Slain by a ghost moth (2 damage)
             ... in the Dungeon (Sprint IX: "|||||||||||||||||||||||||||||").
             The game lasted 00:17:14 (6805 turns).

mhtbhm the Metallomancer (GrEE)                     Turns: 6805, Time: 00:17:14

Health: 0/105      AC: 22    Str: 10 (13) XL:     13   Next: 54%
Magic:  0/37       EV: 13    Int: 18 (20) God:    Vehumet [******]
Gold:   263        SH:  0    Dex:  9 (10) Spells: 19/52 levels left

rFire    . . .     SeeInvis .   a - +4 quarterstaff (speed)
rCold    . . .     Faith    .   (shield currently unavailable)
rNeg     + . .     Spirit   .   c - +2 robe {Will+}
rPois    ∞         Reflect  .   v - +1 hat
rElec    +         Harm     .   m - +1 cloak
rCorr    .         Rampage  .   t - +0 pair of gloves
Will     +....     NoTele   +   s - +0 pair of boots
Stlth    ..........             (no amulet)
HPRegen  0.27/turn              n - +2 ring of protection
MPRegen  0.25/turn              o - +2 ring of protection

@: mighty, berserking (expiring), very quick
A: AC +9, negative energy resistance 1, electricity resistance, torment
resistance 1, unbreathing 1, petrification resistance
a: Renounce Religion


You were in the Dungeon.
You worshipped Vehumet.
Vehumet was exalted by your worship.
You visited 1 branch You collected 1923 gold pieces.
You spent 1660 gold pieces at shops.

Inventory:

Hand Weapons
 a - a +4 quarterstaff of speed (weapon)
Missiles
 b - 14 stones
 u - 10 boomerangs (quivered)
Armour
 c - a +2 robe of willpower (worn)
 m - a +1 cloak (worn)
 s - a +0 pair of boots (worn)
 t - a +0 pair of gloves (worn)
 v - a +1 hat (worn)
Jewellery
 n - a +2 ring of protection (left hand)
 o - a +2 ring of protection (right hand)
 r - a ring of see invisible
 w - a ring of willpower
 F - a ring of willpower
Scrolls
 i - 5 scrolls of blinking
 j - 2 scrolls of amnesia
 p - 4 scrolls of enchant armour
 q - 2 scrolls of fog
 x - a scroll of summoning
 y - a scroll of magic mapping
 z - 4 scrolls of fear
 A - a scroll of immolation
 B - a scroll of vulnerability
 G - a scroll of identify
 H - 2 scrolls of enchant weapon
Potions
 d - 10 potions of curing
 e - 7 potions of heal wounds
 f - a potion of might
 g - 4 potions of magic
 h - 2 potions of berserk rage
 l - a potion of invisibility
 C - a potion of flight
 D - 2 potions of brilliance


   Skills:
 + Level 4.2 Fighting
 + Level 4.8 Staves
 + Level 0.6 Throwing
 + Level 6.4 Dodging
 - Level 2.4 Stealth
 + Level 20.0 Spellcasting
 + Level 6.2 Conjurations
 + Level 0.8 Hexes
 + Level 5.2 Transmutations
 + Level 1.0 Fire Magic
 + Level 2.0 Ice Magic
 + Level 2.2 Air Magic
 + Level 24.7 Earth Magic
 + Level 3.3 Evocations


You had 19 spell levels left.
You knew the following spells:

 Your Spells              Type           Power      Damage    Failure   Level
a - Sandblast             Erth           100%       2d20      0%          1
b - Passwall              Tmut/Erth      53%        N/A       0%          2
c - Stone Arrow           Conj/Erth      100%       3d13      0%          3
d - Lee's Rapid Deconstr  Erth           41%        3d21*     0%          5
e - Petrify               Tmut/Erth      64%        N/A       1%          4
f - Inner Flame           Hex/Fire       21%        N/A       1%          3
g - Freezing Cloud        Conj/Ice/Air   15%        6-21      26%         6
h - Shatter               Erth           41%        3d32*     3%          9

Your spell library contained the following spells:

 Spells                   Type           Power      Damage    Failure   Level
 Lehudib's Crystal Spear  Conj/Erth      32%        10d8      9%          8
 Chain Lightning          Conj/Air       16%        N/A       99%         8


Dungeon Overview and Level Annotations

Branches:
Dungeon (1/1)

Altars:
Cheibriados
Dithmenos
Elyvilon
Fedhas
Gozag
Hepliaklqana
Kikubaaqudgha
Makhleb
Nemelex Xobeh
Okawaru
Qazlal
Ru
Sif Muna
Trog
Uskayaw
Vehumet
Wu Jian
Xom
Yredelemnul
Zin
The Shining One
Beogh
Jiyva
Lugonu

Shops:
D !?[[


Innate Abilities, Weirdness & Mutations

Your stone body is resilient. (AC +9)
You are immune to poison.
You resist negative energy. (rN+)
You are resistant to electric shocks. (rElec)
You are resistant to unholy torment.
You can survive without breathing.
You are immune to petrification.


Message History

Unknown command.
You closely miss something.
The emperor scorpion is engulfed in freezing vapours.
Unknown command.
You hit something.
You feel you are being watched by something.
Something hits you.
* * * LOW HITPOINT WARNING * * *
You feel clumsy. Something hits you but does no damage.
Something stings you but does no damage.
Unknown command.
You closely miss something. You sock something!
You feel you are being watched by something.
You feel your power leaking away. Something hits you!
* * * LOW HITPOINT WARNING * * *
You feel weakened. Something hits you!
* * * LOW HITPOINT WARNING * * *
Something stings you but does no damage.
You barely miss something.
The jumping spider leaps!
Unknown command.
You hit something.
You feel you are being watched by something.
Something hits you but does no damage. Something hits you.
* * * LOW HITPOINT WARNING * * *
You feel dopey. Something barely misses you.
Unknown command.
You hit something.
Something hits you but does no damage. x2
Something stings you but does no damage.
You hit something.
Unknown command.
You closely miss something.
The jumping spider leaps!
You feel you are being watched by something.
Something hits you but does no damage. Something barely misses you.
Something stings you.
You die...

..)))...........)))))..)....)).▓
▓▓▓▓▓▓▓▓▓▓▓▓▓▓▓▓▓▓▓▓▓▓▓▓▓▓▓▓▓▓▓▓
.................))............▓
▓▓▓▓▓▓▓▓▓▓▓▓▓▓▓▓▓▓▓▓▓▓▓▓▓▓▓▓▓▓.▓
.[[[[[[.)))))))).=...')..)[..).▓
▓▓▓▓▓▓▓▓▓▓▓▓▓▓▓▓▓▓▓▓▓▓▓▓▓▓▓▓▓▓▓▓
.................).............▓
♣♣♣♣♣♣▓▓▓▓▓▓▓▓▓▓▓▓▓▓▓▓▓▓▓▓▓▓▓▓.▓
○s†.°s{@..............▓
▓▓▓▓▓▓▓▓▓▓▓▓▓▓▓▓▓▓▓▓▓▓▓


You could see an emperor scorpion and a jumping spider.

Vanquished Creatures
  Frances (D)
  A fire giant (D)
  2 ettins (D)
  A fire dragon (D)
  A great orb of eyes (D)
  A hydra (D)
  A rakshasa (D)
  Erolcha (D)
  An ice dragon (D)
  4 ogre magi (D)
  3 centaur warriors (D)
  A two-headed ogre (D)
  A deep troll shaman (D)
  An orc high priest (D)
  2 skeletal warriors (D)
  A swamp dragon (shapeshifter) (D)
  5 deep trolls (D)
  2 orb spiders (D)
  A wolf spider (D)
  An ugly thing (D)
  An elephant (D)
  A black mamba (D)
  5 cane toads (D)
  Psyche (D)
  A rime drake (D)
  2 efreet (D)
  2 komodo dragons (D)
  4 trolls (D)
  A demonic crawler (D)
  A hornet (D)
  4 polar bears (D)
  A slime creature (D)
  2 yaks (D)
  2 redbacks (D)
  A wraith (D)
  Grum (D)
  A vampire mosquito (D)
  An acid dragon (D)
  2 water moccasins (D)
  14 orc warriors (D)
  5 black bears (D)
  5 wolves (D)
  An ogre (D)
  3 bullfrogs (D)
  A howler monkey (D)
  4 orc priests (D)
  3 orc wizards (D)
  An adder (D)
  An adder zombie (D)
  An adder skeleton (D)
  A dart slug (D)
  5 orcs (D)
  An endoplasm (D)
  2 goblins (D)
  A ball python (D)
115 creatures vanquished.

Notes
Turn   | Place    | Note
-------+----------+-------------------------------------------
     0 | D        | mhtbhm the Gargoyle Earth Elementalist began the quest for
                  | the Orb.
     0 | D        | Reached XP level 1. HP: 10/10 MP: 3/3
     5 | D        | Reached skill level 4 in Earth Magic
    33 | D        | Reached XP level 2. HP: 13/15 MP: 0/5
    40 | D        | Reached skill level 5 in Earth Magic
   188 | D        | Noticed an ogre
   193 | D        | Killed an ogre
   194 | D        | Reached skill level 1 in Transmutations
   194 | D        | Reached skill level 8 in Earth Magic
   194 | D        | Reached XP level 3. HP: 19/19 MP: 0/9
   194 | D        | Reached XP level 4. HP: 24/24 MP: 0/10
   215 | D        | Learned a level 2 spell: Passwall
   219 | D        | Learned a level 3 spell: Stone Arrow
   239 | D        | Found a snail-covered altar of Cheibriados.
   239 | D        | Found a shadowy altar of Dithmenos.
   239 | D        | Found a white marble altar of Elyvilon.
   239 | D        | Found a blossoming altar of Fedhas.
   239 | D        | Found an opulent altar of Gozag.
   240 | D        | Found a hazy altar of Hepliaklqana.
   241 | D        | Found a viscous altar of Jiyva.
   242 | D        | Found an ancient bone altar of Kikubaaqudgha.
   243 | D        | Found a corrupted altar of Lugonu.
   244 | D        | Found a burning altar of Makhleb.
   245 | D        | Found a sparkling altar of Nemelex Xobeh.
   246 | D        | Found an iron altar of Okawaru.
   247 | D        | Found a stormy altar of Qazlal.
   248 | D        | Found a sacrificial altar of Ru.
   249 | D        | Found a shimmering blue altar of Sif Muna.
   250 | D        | Found a bloodstained altar of Trog.
   251 | D        | Found a hide-covered altar of Uskayaw.
   252 | D        | Found a radiant altar of Vehumet.
   253 | D        | Found an ornate altar of the Wu Jian Council.
   254 | D        | Found a shimmering altar of Xom.
   255 | D        | Found a basalt altar of Yredelemnul.
   256 | D        | Found a glowing silver altar of Zin.
   257 | D        | Found a glowing golden altar of the Shining One.
   260 | D        | Became a worshipper of Vehumet
   398 | D        | Noticed a two-headed ogre
   398 | D        | Noticed an acid dragon
   398 | D        | Noticed an orc warrior
   398 | D        | Noticed a yak
   398 | D        | Noticed a hornet
   401 | D        | Killed a hornet
   402 | D        | Reached skill level 1 in Fighting
   402 | D        | Reached skill level 11 in Earth Magic
   402 | D        | Reached XP level 5. HP: 29/29 MP: 10/14
   402 | D        | Reached XP level 6. HP: 34/34 MP: 10/15
   402 | D        | Killed a yak
   403 | D        | Reached skill level 12 in Earth Magic
   403 | D        | Reached skill level 1 in Evocations
   403 | D        | Reached XP level 7. HP: 38/38 MP: 10/18
   403 | D        | Reached * piety under Vehumet
   403 | D        | Offered knowledge of Freeze by Vehumet.
   404 | D        | Reached skill level 13 in Earth Magic
   562 | D        | Learned a level 5 spell: Lee's Rapid Deconstruction
   567 | D        | Learned a level 4 spell: Petrify
   574 | D        | Killed a two-headed ogre
   575 | D        | Reached skill level 5 in Dodging
   575 | D        | Reached skill level 10 in Spellcasting
   575 | D        | Reached skill level 15 in Earth Magic
   575 | D        | Reached XP level 8. HP: 32/44 MP: 0/22
   603 | D        | Offered knowledge of Magic Dart by Vehumet.
   603 | D        | Reached ** piety under Vehumet
   758 | D        | Noticed a slime creature
   758 | D        | Noticed a red ugly thing
   758 | D        | Noticed an efreet
   758 | D        | Noticed a centaur warrior
   758 | D        | Noticed a wraith
   763 | D        | Killed a centaur warrior
   763 | D        | Killed an efreet
   763 | D        | Killed a wraith
   763 | D        | Offered knowledge of Inner Flame by Vehumet.
   764 | D        | Reached skill level 16 in Earth Magic
   764 | D        | Reached XP level 9. HP: 49/49 MP: 5/24
   804 | D        | Reached *** piety under Vehumet
   805 | D        | Reached skill level 17 in Earth Magic
   811 | D        | Killed a red ugly thing
   815 | D        | Reached skill level 1 in Conjurations
  1222 | D        | Learned a level 3 spell: Inner Flame
  1222 | D        | Noticed a cane toad
  1222 | D        | Noticed a cane toad
  1222 | D        | Noticed a cane toad
  1222 | D        | Noticed a komodo dragon
  1224 | D        | Offered knowledge of Olgreb's Toxic Radiance by Vehumet.
  1224 | D        | Reached **** piety under Vehumet
  1225 | D        | Killed a komodo dragon
  1226 | D        | Reached XP level 10. HP: 30/55 MP: 20/26
  1226 | D        | Killed a cane toad
  1226 | D        | Killed a cane toad
  1227 | D        | Reached skill level 18 in Earth Magic
  1234 | D        | Killed a cane toad
  1234 | D        | Reached ***** piety under Vehumet
  1454 | D        | Offered knowledge of Fulminant Prism by Vehumet.
  1522 | D        | Noticed a cane toad
  1522 | D        | Noticed an elephant
  1522 | D        | Noticed a cane toad
  1526 | D        | Killed a cane toad
  1527 | D        | Reached skill level 19 in Earth Magic
  1527 | D        | Noticed a black mamba
  1532 | D        | Killed a cane toad
  1536 | D        | Reached ****** piety under Vehumet
  1538 | D        | Killed an elephant
  1539 | D        | Killed a black mamba
  1540 | D        | Reached XP level 11. HP: 41/60 MP: 9/29
  1831 | D        | Offered knowledge of Bolt of Magma by Vehumet.
  1833 | D        | Reached skill level 20 in Earth Magic
  2039 | D        | Reached skill level 15 in Spellcasting
  2472 | D        | Offered knowledge of Sticky Flame by Vehumet.
  2492 | D        | Noticed Grum
  2498 | D        | Killed Grum
  2501 | D        | Reached skill level 1 in Fire Magic
  2617 | D        | Noticed Erolcha
  2622 | D        | Killed Erolcha
  2792 | D        | Offered knowledge of Freezing Cloud by Vehumet.
  2983 | D        | Learned a level 6 spell: Freezing Cloud
  3028 | D        | Offered knowledge of Starburst by Vehumet.
  3142 | D        | Reached skill level 21 in Earth Magic
  3442 | D        | Noticed an orc high priest
  3444 | D        | Noticed a sixfirhy
  3445 | D        | Noticed a soul eater
  3445 | D        | Noticed a sixfirhy
  3445 | D        | Killed an orc high priest
  3551 | D        | Found Uho Liq's Antique Armour Boutique.
  3551 | D        | Noticed an ogre mage
  3551 | D        | Noticed a deep troll
  3551 | D        | Noticed a deep troll
  3551 | D        | Noticed an ettin
  3559 | D        | Killed a deep troll
  3561 | D        | Killed an ettin
  3562 | D        | Reached skill level 1 in Staves
  3569 | D        | Killed a deep troll
  3569 | D        | Offered knowledge of Yara's Violent Unravelling by Vehumet.
  3575 | D        | Reached XP level 12. HP: 64/64 MP: 3/32
  3869 | D        | Paralysed by something for 2 turns
  3871 | D        | Killed an ogre mage
  4057 | D        | Reached skill level 22 in Earth Magic
  4058 | D        | Noticed an ogre mage
  4063 | D        | Killed an ogre mage
  4203 | D        | Found Upuchiy's Antique Armour Shop.
  4207 | D        | Found Linuz's Magic Scroll Boutique.
  4211 | D        | Found Zokkoqit's Distillery.
  4256 | D        | Noticed an ogre mage
  4258 | D        | Killed an ogre mage
  4364 | D        | Offered knowledge of Orb of Destruction by Vehumet.
  4457 | D        | Bought a glowing hat for 161 gold pieces
  4459 | D        | Bought a glowing scarf for 176 gold pieces
  4461 | D        | Bought a scroll of summoning for 104 gold pieces
  4461 | D        | Bought a scroll of magic mapping for 38 gold pieces
  4461 | D        | Bought a scroll of enchant armour for 82 gold pieces
  4461 | D        | Bought a scroll of enchant armour for 82 gold pieces
  4461 | D        | Bought a scroll of fear for 38 gold pieces
  4461 | D        | Bought a scroll of immolation for 38 gold pieces
  4467 | D        | Bought a scroll of vulnerability for 82 gold pieces
  4467 | D        | Bought a scroll of vulnerability for 82 gold pieces
  4469 | D        | Bought a potion of heal wounds for 70 gold pieces
  4469 | D        | Bought a potion of magic for 112 gold pieces
  4469 | D        | Bought a potion of flight for 42 gold pieces
  4469 | D        | Bought a potion of brilliance for 56 gold pieces
  4469 | D        | Bought a potion of heal wounds for 70 gold pieces
  4469 | D        | Bought a potion of curing for 42 gold pieces
  4469 | D        | Bought a potion of curing for 42 gold pieces
  4469 | D        | Bought a potion of curing for 42 gold pieces
  4469 | D        | Bought a potion of haste for 140 gold pieces
  4487 | D        | Bought a jet-encrusted leather armour for 161 gold pieces
  4487 | D        | Identified the +3 leather armour of the Turtle {+Inv Regen+
                  | rCorr Str-4} (You bought it in a shop in the Dungeon)
  4546 | D        | Noticed Psyche
  4553 | D        | Killed Psyche
  4875 | D        | Noticed a centaur warrior
  4875 | D        | Noticed a seven-headed hydra
  4875 | D        | Noticed an ogre mage
  4875 | D        | Noticed a centaur warrior
  4884 | D        | Killed a centaur warrior
  4885 | D        | Killed an ogre mage
  4886 | D        | Reached skill level 23 in Earth Magic
  5159 | D        | Killed a seven-headed hydra
  5284 | D        | Killed a centaur warrior
  5406 | D        | Noticed an ice dragon
  5427 | D        | Killed an ice dragon
  5427 | D        | Offered knowledge of Ignition by Vehumet.
  5648 | D        | Noticed a great orb of eyes
  5658 | D        | Paralysed by a great orb of eyes for 4 turns
  5665 | D        | Killed a great orb of eyes
  5666 | D        | Reached XP level 13. HP: 67/70 MP: 25/36
  5776 | D        | Noticed a fire giant
  6105 | D        | Noticed a rakshasa
  6109 | D        | Killed a fire giant
  6110 | D        | Reached skill level 5 in Conjurations
  6111 | D        | Killed a rakshasa
  6112 | D        | Reached skill level 1 in Air Magic
  6112 | D        | Reached skill level 24 in Earth Magic
  6237 | D        | Noticed an ettin
  6240 | D        | Killed an ettin
  6241 | D        | Reached skill level 1 in Ice Magic
  6243 | D        | Offered knowledge of Lehudib's Crystal Spear by Vehumet.
  6243 | D        | Offered knowledge of Shatter by Vehumet.
  6243 | D        | Offered knowledge of Chain Lightning by Vehumet.
  6436 | D        | Noticed a fire dragon
  6441 | D        | Killed a fire dragon
  6628 | D        | Noticed Frances
  6661 | D        | Killed Frances
  6662 | D        | Reached skill level 5 in Transmutations
  6767 | D        | Learned a level 9 spell: Shatter
  6770 | D        | Noticed an emperor scorpion
  6800 | D        | HP: 3/105 [something (10)]
  6802 | D        | HP: 1/105 [something (2)]
  6805 | D        | Slain by a ghost moth

Illustrated notes

Levels and vault maps discovered:
D:        linesprint [early_d, line_temple, items_1, d_10, items_2, lair_1,
          lair_end, items_3, orc_1, orc_end, items_4, d_15, swamp_1, shoals_1,
          snake_1, spider_1, d_20, vaults_1, items_5, swamp_end, shoals_end,
          snake_end, spider_end, vaults_end, d_27, items_6, zot_1, zot_end,
          crypt_end, forest_end, elf_end, slime_end, tomb_end, abyss_end,
          pan_hell_end]

Skill      XL: |  1  2  3  4  5  6  7  8  9 10 11 12 13 |
---------------+----------------------------------------+-----
Earth Magic    | 4 8 11 12 15 16 17 19 21 23 24 | 24.7
Dodging        | 2 3 4 5 6 |  6.4
Spellcasting   | 4 6 7 10 11 12 14 16 19 20 | 20.0
Transmutations | 1 2 3 4 5 |  5.2
Fighting       | 1 2 3 4 |  4.2
Evocations     | 1 2 3 |  3.3
Conjurations   | 1 2 4 6 |  6.2
Fire Magic     | 1 |  1.0
Staves         | 1 4 |  4.8
Air Magic      | 2 |  2.2
Ice Magic      | 2 |  2.0
Throwing       | |  0.6
Stealth        | |  2.4
Hexes          | |  0.8

Action                   |  1- 3 |  4- 6 |  7- 9 | 10-12 | 13-15 || total
-------------------------+-------+-------+-------+-------+-------++-------
Melee: Unarmed           |     4 |     8 |       |       |       ||    12
       Quarterstaff      |       |       |       |    24 |    30 ||    54
Throw: Boomerang         |       |       |       |     2 |     2 ||     4
 Cast: Sandblast         |    10 |     4 |     4 |    15 |       ||    33
       Lee's Rapid Decon |       |       |    12 |    87 |    12 ||   111
       Petrify           |       |       |     2 |    26 |     4 ||    32
       Stone Arrow       |       |       |     5 |    40 |     7 ||    52
       Inner Flame       |       |       |       |     2 |       ||     2
       Freezing Cloud    |       |       |       |       |     3 ||     3
       Shatter           |       |       |       |       |     2 ||     2
Evoke: Wand              |       |     2 |       |     7 |     1 ||    10
  Use: Potion            |       |       |     2 |       |     7 ||     9
       Scroll            |       |       |       |     3 |       ||     3
 Stab: Petrified         |       |       |       |    22 |       ||    22
Armor: Robe              |       |     2 |     1 |    33 |    37 ||    73
Dodge: Dodged            |     4 |     6 |     4 |    33 |     7 ||    54

Table legend: (Time is in decaauts)
 A = Elapsed time spent in this place.
 B = Non-inter-level travel time spent in this place.
 C = Inter-level travel time spent in this place.
 D = Time resting spent in this place.
 E = Time spent auto-exploring this place.
 F = Levels seen in this place.
 G = Mean time per level.
                   A        B        C        D        E       F      G
               +--------+--------+--------+--------+--------+-----+--------+
         Total |   6751 |   6751 |      0 |   4439 |    822 |   1 | 6751.0 |
       Dungeon |   6751 |   6751 |      0 |   4439 |    822 |   1 | 6751.0 |
               +--------+--------+--------+--------+--------+-----+--------+

Top non-repeatable levels by time:
       D: 6751 daAuts
